 Dungeon Crawl Stone Soup version 0.31-a0-1447-g87ca8d4 (webtiles) character file.

Game seed: 14776764736838984804

2970 sdynet the Skirmisher (level 10, -7/67 (68) HPs)
             Began as a Kobold Hunter on Dec 27, 2023.
             Was a Priest of Uskayaw.
             Mangled by Prince Ribbit (16 damage)
             ... on level 7 of the Dungeon.
             The game lasted 00:17:58 (7660 turns).

sdynet the Skirmisher (Kobold Hunter)               Turns: 7660, Time: 00:17:58

HP:   -7/67 (68)    AC:  8    Str: 14    XL:     10   Next: 8%
MP:   11/11         EV: 16    Int: 15    God:    Uskayaw [***...]
Gold: 453           SH:  0    Dex: 21    Spells: 9/9 levels left

rFire   . . .        a - +1 shortbow
rCold   . . .        (shield currently unavailable)
rNeg    . . .        o - +2 animal skin
rPois   +            (helmet restricted)
rElec   .            r - +1 cloak
rCorr   .            x - +1 pair of gloves
SInv    .            (no boots)
Will    .....        s - amulet of magic regeneration
Stlth   ++++         t - ring of poison resistance
HPRegen 0.31/turn    n - +6 ring of intelligence
MPRegen 0.52/turn

%: no passive effects
@: lightly drained, unable to drink
A: small, no large weapons, nightstalker 3, horns 1, strong 1, inability to
drink after injury 1
a: Renounce Religion, Stomp, Line Pass


You were on level 7 of the Dungeon.
You worshipped Uskayaw.
Uskayaw was noncommittal.
You visited 2 branches of the dungeon, and saw 8 of its levels.

You collected 453 gold pieces.

Inventory:

Hand Weapons
 a - a +1 shortbow (weapon)
 y - the +3 dagger "Sujeuxac" {freeze, rElec rN+}
   (You found it on level 6 of the Dungeon)

   rElec:     It insulates you from electricity.
   rN+:       It protects you from negative energy.
Missiles
 W - 9 boomerangs
 Z - 8 poisoned darts
Armour
 c - a +0 leather armour
 j - an orb of light
 k - a +1 helmet
 o - a +2 animal skin (worn)
 r - a +1 cloak (worn)
 x - a +1 pair of gloves (worn)
Jewellery
 n - a +6 ring of intelligence (right hand)
 s - an amulet of magic regeneration (around neck)
 t - a ring of poison resistance (left hand)
Wands
 i - a wand of flame (1) (quivered)
Scrolls
 b - a scroll of identify
 e - a scroll of revelation {!r}
 f - a scroll of fog {!r}
 h - 5 scrolls of teleportation {!r}
 u - 2 scrolls of blinking
Potions
 d - a potion of curing {!q}
 g - a potion of resistance {!q}
 l - a potion of lignification {unknown}
 p - a potion of brilliance {!q}
 v - a potion of heal wounds {!q}


   Skills:
 + Level 10.9 Fighting
 + Level 11.4 Ranged Weapons
 - Level 2.0 Throwing
 - Level 3.0 Dodging
 - Level 4.0 Stealth
 + Level 2.4 Invocations
 - Level 1.0 Evocations


You had 9 spell levels left.
You didn't know any spells.
Your spell library contained the following spells:

 Spells                   Type           Power      Damage    Failure   Level
 Apportation              Tloc           0%         N/A       26%         1
 Jinxbite                 Hex            0%         N/A       38%         2
 Static Discharge         Conj/Air       0%         3-3/arc   38%         2
 Airstrike                Air            0%         2d(0-16)  95%         4
 Summon Lightning Spire   Summ/Air       0%         N/A       95%         4
 Alistair's Intoxication  Alch           0%         N/A       100%        5


Dungeon Overview and Level Annotations

Branches:
Dungeon (7/15)             Temple (1/1) D:6

Altars:
Ashenzari
Cheibriados
Dithmenos
Fedhas
Gozag
Hepliaklqana
Kikubaaqudgha
Nemelex Xobeh
Okawaru
Qazlal
Ru
Sif Muna
Trog
Uskayaw
Vehumet
Xom
Yredelemnul

Annotations:
D:6 2 runed translucent doors, exclusion: 2 doors
D:7 1 transporter, Prince Ribbit


Innate Abilities, Weirdness & Mutations

You are small and have problems with some larger weapons.
You are completely attuned to the shadows.
You have a pair of small horns on your head.
Your muscles are strong. (Str +4, Int/Dex -1)
You occasionally lose the ability to drink potions when taking damage.


Message History

Aiming: Throw Flame
Press: ? - help, Q - select action, (/) - cycle Shift-Dir - straight line, f/p - wight
Aim: a wight, wielding a +1 dire flail of freezing and wearing a +0 robe (68% to hit)
The puff of flame hits the orc warrior.
The orc warrior is almost dead.
Prince Ribbit barely misses you. The orc warrior closely misses you.
Aiming: Throw Flame
Press: ? - help, Q - select action, (/) - cycle Shift-Dir - straight line, f/p - wight
Aim: a wight, wielding a +1 dire flail of freezing and wearing a +0 robe (68% to hit)
The puff of flame hits the orc warrior!
You kill the orc warrior!
Prince Ribbit misses you. Prince Ribbit closely misses you.
Uskayaw will force your foes to helplessly watch your dance.
Uskayaw prepares the audience for your solo!
Training target 1.0 for Evocations reached!
Your Evocations skill increases to level 1!
Okay, then.
Aiming: Throw Flame
Press: ? - help, Q - select action, (/) - cycle Shift-Dir - straight line, f/p - wight
Aim: a wight, wielding a +1 dire flail of freezing and wearing a +0 robe (paralysed, 100% to hit)
The puff of flame hits the wight.
The wight is lightly damaged.
Aiming: Throw Flame
Press: ? - help, Q - select action, (/) - cycle Shift-Dir - straight line, f/p - wight
Aim: a wight, wielding a +1 dire flail of freezing and wearing a +0 robe (paralysed, 100% to hit)
The puff of flame hits the wight.
The wight is moderately damaged.
Prince Ribbit is no longer paralysed.
The orc priest is no longer paralysed.
The wight is no longer paralysed. x4; Prince Ribbit misses you.
The wight hits you with a +0 falchion.
* * * LOW HITPOINT WARNING * * *
You feel drained. Prince Ribbit hits you.
* * * LOW HITPOINT WARNING * * *
Aiming: Throw Flame
Press: ? - help, Q - select action, (/) - cycle Shift-Dir - straight line, f/p - wight
Aim: a wight, wielding a +1 dire flail of freezing and wearing a +0 robe (68% to hit)
The puff of flame hits the wight.
The wight is heavily damaged.
Prince Ribbit hits you!
You die...

#...#.#$
o#o#.####.##........
#.#.#.#
##.#......##.##..###
#..©#©#.
$#.#©..#.....##.....
#.#.#.##
##.#......#####..###
#.#.#.#$
.#.#.####....###....
#..>#... ...#.#
###### #.##. #####
.. #.# +.##. ######
##F# +..#. .....####
#@## +..#. #######.#
#z# #.... ........#


#zzo# #.... ######### #.z..( ##... ..(.(.. ####... (#####.( ......# #####.# #.#
# # #.. You could see Prince Ribbit, 4 wights and an orc priest.

Vanquished Creatures
  A two-headed ogre (D:7)
  A hornet (D:6)
  A steam dragon (D:7)
  2 orc warriors
  3 black bears
  3 ogres (D:6)
  2 phantoms (D:6)
  2 scorpions
  A bullfrog (D:6)
  A bombardier beetle (D:4)
  4 hounds
  2 jellies
  7 orc priests
  7 iguanas
  3 sleepcaps
  Natasha (thrice) (D:2)
  An orc wizard (D:4)
  Robin (D:2)
  7 adders
  2 worms
  A dart slug (D:1)
  25 orcs
  6 ball pythons
  10 endoplasms
  2 giant cockroaches
  16 goblins
  11 hobgoblins
  13 jackals
  8 kobolds
  2 quokkas
  3 bats
  2 frilled lizards (D:1)
  7 rats
160 creatures vanquished.

Notes
Turn   | Place    | Note
-------+----------+-------------------------------------------
     0 | D:1      | sdynet the Kobold Hunter began the quest for the Orb.
     0 | D:1      | Reached XP level 1. HP: 12/12 MP: 1/1
   255 | D:1      | Reached XP level 2. HP: 18/18 MP: 2/2
   335 | D:1      | Reached XP level 3. HP: 18/23 MP: 3/3
  1128 | D:2      | Noticed Robin
  1489 | D:2      | Found a hazy altar of Hepliaklqana.
  1499 | D:2      | Reached XP level 4. HP: 29/29 MP: 4/4
  1526 | D:2      | Reached skill level 1 in Throwing
  1542 | D:2      | Killed Robin
  1834 | D:2      | Noticed Natasha
  1841 | D:2      | Killed Natasha
  1842 | D:2      | Reached XP level 5. HP: 27/34 MP: 5/5
  2125 | D:2      | Noticed Natasha
  2135 | D:2      | Killed Natasha
  2136 | D:2      | Reached skill level 5 in Fighting
  2404 | D:2      | Noticed Natasha
  2410 | D:2      | Killed Natasha
  3505 | D:4      | Reached XP level 6. HP: 41/41 MP: 6/6
  3603 | D:4      | Noticed a black bear
  3875 | D:4      | Found a sacrificial altar of Ru.
  3889 | D:4      | Became a worshipper of Ru the Awakened
  4047 | D:4      | Killed a black bear
  4048 | D:4      | Reached XP level 7. HP: 46/48 MP: 7/7
  4091 | D:4      | Found an ancient bone altar of Kikubaaqudgha.
  4330 | D:5      | Entered Level 5 of the Dungeon
  5198 | D:5      | Reached skill level 6 in Ranged Weapons
  5457 | D:6      | Found a staircase to the Ecumenical Temple.
  5470 | Temple   | Entered the Ecumenical Temple
  5481 | Temple   | Fell from the grace of Ru
  5481 | Temple   | Became a worshipper of Uskayaw the Reveller
  5500 | D:6      | Reached * piety under Uskayaw
  5510 | D:6      | Identified the +3 dagger "Sujeuxac" {freeze, rElec rN+}
  5512 | D:6      | Found an opulent altar of Gozag.
  5523 | D:6      | Reached ** piety under Uskayaw
  5524 | D:6      | Reached XP level 8. HP: 48/54 MP: 8/8
  5570 | D:6      | Reached skill level 1 in Invocations
  5665 | D:6      | Found a basalt altar of Yredelemnul.
  5778 | D:6      | Found a large runed translucent door.
  5778 | D:6      | Found a large runed translucent door.
  5800 | D:6      | Reached *** piety under Uskayaw
  5938 | D:6      | Reached skill level 7 in Ranged Weapons
  6051 | D:6      | Reached skill level 8 in Ranged Weapons
  6082 | D:6      | Noticed a hornet
  6083 | D:6      | Gained mutation: You occasionally lose the ability to drink
                  | potions when taking damage. [potion of mutation]
  6083 | D:6      | Gained mutation: Your muscles are strong. (Str +4, Int/Dex
                  | -1) [potion of mutation]
  6083 | D:6      | Gained mutation: You have a pair of small horns on your
                  | head. [potion of mutation]
  6094 | D:6      | Reached **** piety under Uskayaw
  6096 | D:6      | Reached skill level 9 in Ranged Weapons
  6096 | D:6      | Reached XP level 9. HP: 30/60 MP: 10/10
  6096 | D:6      | Killed a hornet
  6097 | D:6      | Reached ***** piety under Uskayaw
  6263 | D:6      | Found a shadowy altar of Dithmenos.
  6263 | D:6      | Found an iron altar of Okawaru.
  6692 | D:6      | Reached skill level 10 in Ranged Weapons
  6937 | D:7      | Noticed a two-headed ogre
  6951 | D:7      | Reached skill level 10 in Fighting
  6960 | D:7      | Killed a two-headed ogre
  6961 | D:7      | Reached skill level 11 in Ranged Weapons
  7338 | D:7      | Reached XP level 10. HP: 57/68 MP: 11/11
  7444 | D:7      | Found a transporter.
  7634 | D:7      | Noticed Prince Ribbit
  7658 | D:7      | Reached skill level 1 in Evocations
  7660 | D:7      | Mangled by Prince Ribbit

Illustrated notes

Levels and vault maps discovered:
D:1:      dpeg_arrival_round_a, layout_loops_ring
D:2:      layout_loops_corners, basic_altar, minmay_misc_feat_x,
          roderic_serpentine_path, chequers_serial_rivers_micro_e, uniq_robin,
          uniq_natasha
D:3:      layout_basic
D:4:      layout_basic, mainiacjoe_overflow_alcove_2,
          nicolae_ru_great_annihilating_truth
D:5:      layout_basic
D:6:      layout_rooms, gammafunk_temple_overflow_forgotten,
          mainiacjoe_overflow_tiny_flanked, minmay_temple_entry_hall,
          ebering_ghost_disaster_area, nzn_random_ring
D:7:      gammafunk_beogh_shrine, layout_loops_cross, good_gods_mini_temple,
          uniq_prince_ribbit1
Temple:   jpeg_temple_clearing

Skill      XL: |  1  2  3  4  5  6  7  8  9 10 |
---------------+-------------------------------+-----
Stealth        | 2 3 4 |  4.0
Fighting       | 3 4 5 7 8 9 10 | 10.9
Throwing       | 1 2 |  2.0
Ranged Weapons | 6 9 11 | 11.4
Invocations    | 2 |  2.4
Dodging        | 3 |  3.0
Evocations     | 1 |  1.0

Action                     |  1- 3 |  4- 6 |  7- 9 | 10-12 || total
---------------------------+-------+-------+-------+-------++-------
   Fire: Shortbow          |    90 |   183 |   238 |    27 ||   538
  Throw: Dart              |       |     6 |    23 |    10 ||    39
 Invoke: Stomp             |       |       |     3 |       ||     3
         Line Pass         |       |       |     2 |       ||     2
  Evoke: Wand              |       |       |       |    14 ||    14
    Use: Scroll            |     4 |     8 |     9 |       ||    21
         Potion            |     1 |     1 |     6 |       ||     8
 Armour: Leather armour    |    16 |    25 |       |       ||    41
         Animal skin       |       |    32 |    78 |    19 ||   129
  Dodge: Dodged            |    36 |    89 |    99 |    15 ||   239

Table legend: (Time is in decaauts)
 A = Elapsed time spent in this place.
 B = Non-inter-level travel time spent in this place.
 C = Inter-level travel time spent in this place.
 D = Time resting spent in this place.
 E = Time spent auto-exploring this place.
 F = Levels seen in this place.
 G = Mean time per level.
                   A        B        C        D        E       F      G
               +--------+--------+--------+--------+--------+-----+--------+
         Total |   7710 |   7022 |    688 |      0 |   5850 |   8 |  963.8 |
       Dungeon |   7687 |   7019 |    668 |      0 |   5850 |   7 | 1098.1 |
        Temple |     22 |      2 |     20 |      0 |      0 |   1 |   22.0 |
               +--------+--------+--------+--------+--------+-----+--------+

Top non-repeatable levels by time:
     D:2: 1672 daAuts
     D:6: 1232 daAuts
     D:5: 1114 daAuts
     D:1: 1060 daAuts
     D:3: 937 daAuts
     D:7: 883 daAuts
     D:4: 787 daAuts
  Temple: 22 daAuts
